 Dungeon Crawl Stone Soup version 0.28.0-53-g5a82cb258f (webtiles) character file.

Game seed: 9729161023845963045

455 Gabide the Skirmisher (level 6, 0/52 HPs)
             Began as a Mummy Berserker on May 31, 2022.
             Was a Priest of Trog.
             Slain by an ogre
             ... wielding a +0 giant club
              (9 damage)
             ... on level 4 of the Dungeon.
             The game lasted 00:06:34 (5043 turns).

Gabide the Skirmisher (Mummy Berserker)             Turns: 5043, Time: 00:06:34

Health: 0/52       AC:  5    Str: 22    XL:     6   Next: 76%
Magic:  6/6        EV: 11    Int:  7    God:    Trog [***...]
Gold:   118        SH:  0    Dex: 11    Spells: 5/5 levels left

rFire   x . .      SeeInvis .     - Unarmed
rCold   + . .      Faith    .   (no shield)
rNeg    + + +      Spirit   .   k - +0 ring mail
rPois   ∞          Reflect  .   (no helmet)
rElec   .          Harm     .   (no cloak)
rCorr   .          Rampage  .   (no gloves)
Will    .....                   (no boots)
Stlth   +.........              (no amulet)
HPRegen 0.17/turn               (no ring)
MPRegen 0.10/turn               (no ring)

@: no status effects
A: cold resistance 1, negative energy resistance 3, torment resistance 2, heat
vulnerability 1, no potions
a: Renounce Religion, Trog's Hand


You were on level 4 of the Dungeon.
You worshipped Trog.
Trog was most pleased with you.
You visited 1 branch of the dungeon, and saw 6 of its levels.

You collected 118 gold pieces.

Inventory:

Missiles
 n - a poisoned dart (quivered)
Armour
 a - a +0 animal skin
 e - a +0 leather armour
 k - a +0 ring mail (worn)
Wands
 g - a wand of charming (3)
Scrolls
 b - a scroll of enchant weapon
 c - a scroll of vulnerability
 d - a scroll of noise
 f - a scroll of teleportation
 h - a scroll of immolation
 i - a scroll of fear {unknown}
 j - a scroll of summoning {unknown}
 m - a scroll of torment {unknown}


   Skills:
 + Level 5.8 Fighting
 - Level 1.5 Armour
 - Level 1.5 Dodging
 + Level 4.8 Unarmed Combat


You had 5 spell levels left.
You didn't know any spells.
Your spell library was empty.

Dungeon Overview and Level Annotations

Branches:
Dungeon (6/15)
 Temple: D:4-7

Altars:

Annotations:
D:3 Edmund


Innate Abilities, Weirdness & Mutations

You are immune to poison.
Your flesh is cold resistant. (rC+)
You are immune to negative energy. (rN+++)
You are immune to unholy pain and torment.
You are vulnerable to heat. (rF-)
You do not drink.


Message History

The ogre shouts!
There is a stone staircase leading up here.
Throw: 6 darts (poison)
Press: ? - help, Q - select action, (/) - cycle Shift-Dir - straight line, f - ogre
Aim: an ogre, wielding a +0 giant club (73% to hit)
You throw a poisoned dart.
The poisoned dart barely misses the ogre.
Unknown command.
Throw: 5 darts (poison)
Press: ? - help, Q - select action, (/) - cycle Shift-Dir - straight line, f/p - ogre
Aim: an ogre, wielding a +0 giant club (73% to hit)
You throw a poisoned dart. The poisoned dart hits the ogre.
The ogre is poisoned.
Unknown command.
Throw: 4 darts (poison)
Press: ? - help, Q - select action, (/) - cycle Shift-Dir - straight line, f/p - ogre
Aim: an ogre, wielding a +0 giant club (poisoned, 73% to hit)
You throw a poisoned dart. The poisoned dart hits the ogre.
Unknown command.
Throw: 3 darts (poison)
Press: ? - help, Q - select action, (/) - cycle Shift-Dir - straight line, f/p - ogre
Aim: an ogre, wielding a +0 giant club (lightly wounded, poisoned, 73% to hit)
You throw a poisoned dart. The poisoned dart hits the ogre.
The ogre looks even sicker.
The ogre is lightly wounded.
A phantom comes into view.
Throw: 2 darts (poison)
Press: ? - help, Q - select action, (/) - cycle Shift-Dir - straight line, f/p - ogre
Aim: an ogre, wielding a +0 giant club (lightly wounded, very poisoned, 73% to hit)
You throw a poisoned dart.
The poisoned dart closely misses the ogre.
The ogre hits you with a +0 giant club!!
* * * LOW HITPOINT WARNING * * *
The ogre looks more healthy.
There is a stone staircase leading up here.
The ogre completely misses you.
There is an open door here.
There is a stone staircase leading up here.
The ogre hits you with a +0 giant club!
You die...

..........W.
.........#.#
.......<.#.#
.........#.#######
#.# ..
..........>.(.....
..+ ...
#########..#######
#.# .. .. #........#
#.# .# ...
#...####.#
#.###.###..
#...#<@..#
#..........
#...#O######.......#
#..................#
#...#..#####.......#
#..##..### #.....$.#
#........# #..†....#
#.###..#.#
###.###..#
##.######W## #.# .#
#..W.......# #.# #


You could see an ogre.

Vanquished Creatures
  A necrophage (D:6)
  A scorpion (D:4)
  A water moccasin zombie (D:5)
  A water moccasin skeleton (D:6)
  A howler monkey (D:6)
  A bullfrog skeleton (D:6)
  Robin (D:2)
  2 adders
  2 worms (D:2)
  A dart slug (D:1)
  3 orcs (D:3)
  5 ball pythons
  9 bats
  15 endoplasms
  7 giant cockroaches
  4 hobgoblins
  8 jackals
  A quokka (D:4)
  2 frilled lizards
  12 goblins
  2 kobolds
  7 rats
87 creatures vanquished.

Notes
Turn   | Place    | Note
-------+----------+-------------------------------------------
     0 | D:1      | Gabide the Mummy Berserker began the quest for the Orb.
     0 | D:1      | Reached XP level 1. HP: 18/18 MP: 1/1
     1 | D:1      | Found a runed translucent door.
    40 | D:1      | Found a faded altar of an unknown god.
   553 | D:1      | Reached XP level 2. HP: 16/24 MP: 2/2
  1866 | D:2      | Reached XP level 3. HP: 29/29 MP: 3/3
  2069 | D:1      | Reached ** piety under Trog
  2389 | D:2      | Noticed Robin
  2417 | D:1      | Reached skill level 4 in Fighting
  2618 | D:2      | Killed Robin
  2619 | D:2      | Reached XP level 4. HP: 27/37 MP: 4/4
  3521 | D:3      | You fall into a shaft and drop 3 floors!
  3548 | D:6      | Reached XP level 5. HP: 43/43 MP: 5/5
  3561 | D:6      | Noticed a necrophage
  3623 | D:6      | Killed a necrophage
  3624 | D:6      | Reached skill level 5 in Fighting
  3624 | D:6      | Reached XP level 6. HP: 18/51 MP: 6/6
  3846 | D:5      | Entered Level 5 of the Dungeon
  4831 | D:4      | Noticed Edmund
  4920 | D:3      | Reached *** piety under Trog
  5043 | D:4      | Slain by an ogre

Illustrated notes

Levels and vault maps discovered:
D:1:      dpeg_arrival_caged_fury, layout_basic,
          shapermc_ecumenical_altar_ellora
D:2:      layout_basic, uniq_robin
D:3:      layout_basic
D:4:      layout_basic, uniq_edmund
D:5:      gammafunk_cloud_chamber, layout_cave_pools, okawaru_trees_1
D:6:      layout_basic, minmay_temple_entry_arrows

Skill      XL: |  1  2  3  4  5 |
---------------+----------------+-----
Unarmed Combat | 3 4 |  4.8
Fighting       | 4 5 |  5.8
Armour         | |  1.5
Dodging        | |  1.5

Action                   |  1- 3 |  4- 6 || total
-------------------------+-------+-------++-------
Melee: Unarmed           |   202 |   187 ||   389
       Punch             |     3 |     4 ||     7
Throw: Dart              |       |     5 ||     5
Invok: Trog's Hand       |       |     1 ||     1
  Use: Scroll            |     3 |     3 ||     6
 Stab: Sleeping          |       |     1 ||     1
Armor: Animal skin       |     3 |       ||     3
       Leather armour    |    37 |    19 ||    56
       Ring mail         |       |    28 ||    28
Dodge: Dodged            |   122 |    90 ||   212
